 Dungeon Crawl Stone Soup version 0.31.0-11-ge490571c62 (webtiles) character file.

Game seed: 2334309693849492793

512 shadowrider38 the Chopper (level 6, -3/56 HPs)
             Began as a Minotaur Fighter on Jan 29, 2024.
             Was an Initiate of Okawaru.
             Shot with an arrow by a centaur (4 damage)
             ... on level 5 of the Dungeon.
             The game lasted 00:02:10 (3135 turns).

shadowrider38 the Chopper (Minotaur Fighter)        Turns: 3135, Time: 00:02:10

Health: -3/56      AC:  8    Str: 23    XL:     6   Next: 99%
Magic:  5/5        EV:  9    Int:  5    God:    Okawaru [......]
Gold:   141        SH:  4    Dex:  9    Spells: 5/5 levels left

rFire   . . .        a - +0 war axe
rCold   . . .        c - +0 buckler
rNeg    . . .        b - +0 scale mail
rPois   +            (helmet restricted)
rElec   .            (no cloak)
rCorr   .            r - +0 pair of gloves
SInv    .            (no boots)
Will    .....        (no amulet) Stlth
                     o - ring of poison resistance
HPRegen 0.29/turn    (no ring)
MPRegen 0.09/turn

%: no passive effects
@: no status effects
A: horns 2, retaliatory headbutt
a: Renounce Religion


You were on level 5 of the Dungeon.
You worshipped Okawaru.
Okawaru was noncommittal.
You visited 2 branches of the dungeon, and saw 6 of its levels.

You collected 246 gold pieces.
You spent 105 gold pieces at shops.

Inventory:

Hand Weapons
 a - a +0 war axe (weapon)
Missiles
 t - 3 boomerangs (quivered)
 J - 6 atropa-tipped darts
Armour
 b - a +0 scale mail (worn)
 c - a +0 buckler (worn)
 r - a +0 pair of gloves (worn)
Magical Staves
 k - a staff of cold
Jewellery
 o - a ring of poison resistance (left hand)
Scrolls
 f - 6 scrolls of teleportation {unknown}
 g - 2 scrolls of vulnerability {unknown}
 h - 5 scrolls of identify {unknown}
 m - a scroll of enchant armour {unknown}
 q - a scroll of silence {unknown}
 s - a scroll of poison {unknown}
 B - 2 scrolls of blinking
Potions
 d - 3 potions of might
 e - 2 potions of magic {unknown}
 i - a potion of enlightenment {unknown}
 j - 2 potions of curing {unknown}
 l - a potion of brilliance {unknown}
 n - a potion of berserk rage {unknown}


   Skills:
 + Level 5.3 Fighting
 * Level 5.9 Axes
 + Level 5.3 Armour
 + Level 0.5 Dodging
 + Level 5.3 Shields
 + Level 0.4 Invocations


You had 5 spell levels left.
You didn't know any spells.
Your spell library was empty.

Dungeon Overview and Level Annotations

Branches:
Dungeon (5/15) Zot: 26872  Temple (1/1) D:4 Zot: 5930

Altars:
Ashenzari
Cheibriados
Elyvilon
Fedhas
Gozag
Hepliaklqana
Kikubaaqudgha
Makhleb
Nemelex Xobeh
Okawaru
Qazlal
Ru
Sif Muna
Trog
Vehumet
Wu Jian
Xom
Yredelemnul
The Shining One

Shops:
D:4 **


Innate Abilities, Weirdness & Mutations

You have a pair of horns on your head.
You reflexively headbutt those who attack you in melee.


Message History

The gnoll hits you with a +0 flail!
The gnoll bouda calls upon its god to heal the gnoll.
The gnoll's wounds heal themselves!
You hit the gnoll but do no damage.
A centaur comes into view.
The gnoll bouda barks out a call to the hunt!
The gnoll closely misses you. You furiously retaliate!
You headbutt the gnoll!
You kill the gnoll!
Okawaru accepts your kill.
The gnoll bouda gazes fiercely through you!
You feel your attacks grow feeble.
The centaur wields a +0 shortbow.
The centaur shoots an arrow.
The arrow hits you. The gnoll attacks as it pursues you!
The gnoll hits you from afar with a +0 spear.
The gnoll hits you but does no damage.
You hit the gnoll but do no damage. Your headbutt misses the gnoll.
Your attacks no longer feel as feeble.
The centaur shoots an arrow.
The arrow hits you but does no damage. The gnoll barely misses you.
You slash the gnoll!
The gnoll is heavily wounded.
The centaur shoots an arrow.
The arrow hits you. The gnoll hits you with a +0 spear.
A gnoll comes into view. It is wielding a +0 club.
The centaur shoots an arrow.
The arrow hits you! The gnoll hits you with a +0 spear.
The gnoll bouda calls upon its god to heal the gnoll.
The gnoll is healed somewhat.
The gnoll hits you from afar with a +0 spear.
Okay, then.
The gnoll bouda attacks as it pursues you!
The gnoll bouda hits you with a +0 whip.
* * * LOW HITPOINT WARNING * * *
The gnoll bouda gazes fiercely through you!
You feel your attacks grow feeble.
The gnoll bouda calls upon its god to heal the gnoll.
The gnoll's wounds heal themselves!
The gnoll barely misses you.
The gnoll is no longer moving quickly.
The gnoll bouda barks out a call to the hunt!
The gnoll picks up the pace!
The centaur shoots an arrow.
The arrow hits you.
* * * LOW HITPOINT WARNING * * *
Your attacks no longer feel as feeble.
The gnoll is no longer moving quickly.
The centaur shoots an arrow.
The arrow hits you!
* * * LOW HITPOINT WARNING * * *
The gnoll bouda barks out a call to the hunt!
The gnoll picks up the pace!
The centaur shoots an arrow.
The arrow hits you.
You die...

#.#####..# #.#...#..# .#
###+#.#.#.#..# #.#
#.......#.#..# #.# .#
#.......#.#..###.###.####
#.......#.#......#......
#......<.....c...+..... .
#.......###......#.#.# .#
#.......@..g.gg..#...#..#
#......#####.###........#
#......+.[...# #........+
#......####### #........#
#...... #...g....#
......# #........# .
..........# #.##.......#
... +.......+


You could see a centaur, a gnoll bouda and 2 gnolls.

Vanquished Creatures
  Sigmund (D:2)
  A jelly (D:4)
  A hound (D:4)
  A gnoll bouda (D:4)
  An iguana (D:4)
  An orc wizard (D:3)
  5 adders
  5 gnolls
  2 dart slugs (D:4)
  3 ribbon worms (D:3)
  15 orcs
  6 ball pythons
  5 endoplasms
  3 giant cockroaches
  11 hobgoblins
  4 quokkas
  5 bats
  7 frilled lizards
  6 goblins
  7 kobolds
  6 rats
96 creatures vanquished.

Notes
Turn   | Place    | Note
-------+----------+-------------------------------------------
     0 | D:1      | shadowrider38 the Minotaur Fighter began the quest for the
                  | Orb.
     0 | D:1      | Reached XP level 1. HP: 19/19 MP: 0/0
   198 | D:1      | Reached XP level 2. HP: 27/27 MP: 1/1
   301 | D:1      | Reached skill level 3 in Axes
  1013 | D:2      | Reached XP level 3. HP: 33/33 MP: 2/2
  1017 | D:2      | Noticed Sigmund
  1026 | D:2      | Killed Sigmund
  1027 | D:2      | Reached XP level 4. HP: 23/41 MP: 3/3
  1027 | D:2      | Reached XP level 5. HP: 26/47 MP: 4/4
  1586 | D:3      | Reached XP level 6. HP: 55/55 MP: 5/5
  2196 | D:4      | Found a glowing golden altar of the Shining One.
  2213 | D:4      | Found a radiant altar of Vehumet.
  2366 | D:4      | Found an ancient bone altar of Kikubaaqudgha.
  2496 | D:4      | Found a staircase to the Ecumenical Temple.
  2505 | Temple   | Entered the Ecumenical Temple
  2541 | Temple   | Became a worshipper of Warmaster Okawaru
  2588 | D:4      | Found Giurasas's General Store.
  2588 | D:4      | Found Erpho's Specific Store.
  2614 | D:4      | Found a bloodstained altar of Trog.
  3088 | D:4      | Bought a scroll of blinking for 105 gold pieces
  3105 | D:5      | Entered Level 5 of the Dungeon
  3135 | D:5      | HP: 1/56 [centaur/arrow (12)]
  3135 | D:5      | Shot with an arrow by a centaur

Illustrated notes

Levels and vault maps discovered:
D:1:      dpeg_arrival_tiny_a, layout_loops_ring
D:2:      layout_basic, uniq_sigmund
D:3:      layout_basic, st_stairs_12, guppyfry_early_orc_mine
D:4:      layout_basic, trog_three_pillars_becter, kiku_gazebo_garden_becter,
          nicolae_overflow_squiral, minmay_temple_entry_drinking_statues,
          nicolae_specific_store
D:5:      layout_basic, enter_ossuary_4, minmay_fire_ice_demons
Temple:   regret_index_temple_generic_petals

Skill      XL: |  1  2  3  4  5  6 |
---------------+-------------------+-----
Axes           | 3 4 5 |  5.9
Shields        | 4 5 |  5.3
Fighting       | 4 5 |  5.3
Armour         | 4 5 |  5.3
Dodging        | |  0.5
Invocations    | |  0.4

Action                     |  1- 3 |  4- 6 || total
---------------------------+-------+-------++-------
  Melee: War axe           |    65 |   146 ||   211
         Headbutt          |     7 |    22 ||    29
 Armour: Scale mail        |    44 |   107 ||   151
  Dodge: Dodged            |    35 |    75 ||   110
  Block: Buckler           |    12 |    34 ||    46
